 Dungeon Crawl Stone Soup version 0.30-a0-739-gea05faddec (webtiles) character file.

Game seed: 14254519217514935263

1329 PriceMaster the Conjurer (level 8, -5/61 HPs)
             Began as a Demigod Conjurer on Feb 4, 2023.
             Engulfed by a cloud of flame (7 damage)
             ... on level 5 of the Dungeon.
             The game lasted 00:15:53 (5456 turns).

PriceMaster the Conjurer (Demigod Conjurer)         Turns: 5456, Time: 00:15:53

Health: -5/61      AC:  4    Str:  8    XL:     8   Next: 12%
Magic:  0/18       EV: 13    Int: 24    God:
Gold:   215        SH:  4    Dex: 16    Spells: 6/15 levels left

rFire   . . .      SeeInvis .    p - +2 dagger (speed)
rCold   . . .      Faith    .    i - +0 buckler
rNeg    . . .      Spirit   .    a - +0 robe
rPois   .          Reflect  .    (no helmet)
rElec   .          Harm     .    h - +0 cloak
rCorr   .          Rampage  .    (no gloves)
Will    .....                    o - +0 pair of boots
Stlth   ++                       (no amulet)
HPRegen 0.30/turn                (no ring)
MPRegen 0.16/turn                (no ring)

@: mighty
A: high MP 1, forlorn, divine attributes
a: no special abilities


You were on level 5 of the Dungeon.
You visited 1 branch of the dungeon, and saw 5 of its levels.
You also visited: Ossuary.

You collected 215 gold pieces.

Inventory:

Hand Weapons
 b - a +1 falchion of pain
 j - a +0 spear
 p - a +2 dagger of speed (weapon)
Armour
 a - a +0 robe (worn)
 h - a +0 cloak (worn)
 i - a +0 buckler (worn)
 o - a +0 pair of boots (worn)
Wands
 A - a wand of iceblast (6)
Scrolls
 c - 2 scrolls of vulnerability {unknown}
 d - 2 scrolls of enchant armour
 e - a scroll of enchant weapon
 f - a scroll of torment {unknown}
 k - a scroll of silence {unknown}
 m - 2 scrolls of teleportation
 n - 2 scrolls of magic mapping {unknown}
 r - a scroll of amnesia {unknown}
 s - 3 scrolls of identify
 v - a scroll of fog {unknown}
 y - 2 scrolls of immolation {unknown}
 z - a scroll of noise {unknown}
Potions
 g - 2 potions of invisibility {unknown}
 l - a potion of might
 q - a potion of flight
 t - a potion of degeneration {unknown}
 u - a potion of attraction {unknown}
 w - a potion of berserk rage {unknown}
 x - a potion of mutation {unknown}


   Skills:
 + Level 2.1 Fighting
 + Level 2.0 Short Blades
 + Level 1.2 Polearms
 + Level 3.8 Dodging
 + Level 3.1 Stealth
 + Level 1.6 Shields
 + Level 4.4 Spellcasting
 + Level 5.7 Conjurations
 + Level 0.1 Hexes
 + Level 2.6 Fire Magic


You had 6 spell levels left.
You knew the following spells:

 Your Spells              Type           Power      Damage    Failure   Level
a - Magic Dart            Conj           100%       1d8       1%          1
b - Searing Ray           Conj           66%        2d6       1%          2
c - Foxfire               Conj/Fire      100%       2x1d9     2%          1
d - Scorch                Fire           36%        2d6       6%          2
e - Inner Flame           Hex/Fire       12%        N/A       21%         3

Your spell library contained the following spells:

 Spells                   Type           Power      Damage    Failure   Level
 Kiss of Death            Conj/Necr      76%        2d11      3%          1
 Dazzling Flash           Conj/Hex       38%        N/A       11%         3
 Portal Projectile        Hex/Tloc       10%        N/A       34%         3
 Tukima's Dance           Hex            6%         N/A       34%         3
 Fulminant Prism          Conj/Hex       9%         3d7       34%         4
 Iskenderun's Mystic Bla  Conj/Tloc      19%        2d6       36%         4
 Passage of Golubria      Tloc           5%         N/A       77%         4
 Silence                  Hex/Air        2%         N/A       97%         5
 Blade Hands              Tmut           2%         N/A       98%         5
 Malign Gateway           Summ/Tloc      2%         N/A       100%        7
 Borgnjor's Revivificati  Necr           2%         N/A       100%        8
 Lehudib's Crystal Spear  Conj/Erth      9%         10d4      100%        8
 Necromutation            Tmut/Necr      2%         N/A       100%        8
 Death's Door             Necr           2%         N/A       100%        9


Dungeon Overview and Level Annotations

Branches:
Dungeon (5/15)            Ossuary (visited)
 Temple: D:4-7


Innate Abilities, Weirdness & Mutations

You have an increased reservoir of magic. (+10% MP)
You shall have no god before yourself.
Your divine heritage dramatically boosts your attributes as you level up.


Message History

You are no longer corroded.
You start resting.
A scorpion comes into view.
Casting: Foxfire (safe; 2% risk of failure)
Confirm with . or Enter, or press ? or * to list all spells.
You can't see any susceptible monsters within range! (Use Z to cast anyway.)
Okay, then.
Casting: Foxfire (safe; 2% risk of failure)
Confirm with . or Enter, or press ? or * to list all spells.
Aiming: Inner Flame (dangerous; 21% risk of failure)
Press: ? - help, Dir - move target, f - scorpion
Aim: a scorpion (wandering, hasn't noticed you, chance to affect: 64%)
The scorpion is filled with an inner flame.
Casting: Inner Flame (dangerous; 21% risk of failure)
Confirm with . or Enter, or press ? or * to list all spells.
You conjure some foxfire!
The foxfire hits the scorpion but does no damage.
The foxfire hits the scorpion.
Flame seeps out of the scorpion.
The scorpion is lightly wounded.
The scorpion is engulfed in blazing flames.
Flame seeps out of the scorpion.
Casting: Foxfire (safe; 2% risk of failure)
Confirm with . or Enter, or press ? or * to list all spells.
Okay, then.
Casting: Foxfire (safe; 2% risk of failure)
Confirm with . or Enter, or press ? or * to list all spells.
Aiming: Searing Ray (safe; 1% risk of failure)
Press: ? - help, Shift-Dir - straight line, f/p - scorpion
Aim: a scorpion (heavily wounded, inner flame, 81% to hit)
The searing ray misses the scorpion. (Press . to maintain the ray.)
The scorpion stings you. The scorpion attacks as you move away!
The scorpion barely misses you.
You puncture the scorpion!
The scorpion explodes!
The fiery explosion engulfs you!!!
Ouch! That really hurt!
* * * LOW HITPOINT WARNING * * *
You are engulfed in blazing flames.
You die...

###.........# ...
##..##..##.### ...
##........#.# ≈...
#...........# ≈≈..!
#...........# #≈..#
##........#.#
≈+....###.......†#.#
§.≈....#§§....>....#
#).§§@........#
#≈.)...#§§......#.#
#≈≈≈)#)###..##..##.#
≈≈≈. #. ######....#
... #g ###### .. #.
. .. ##


There were no monsters in sight!

Vanquished Creatures
  Sigmund (D:3)
  An ogre (D:4)
  A black bear (D:4)
  A phantom (D:5)
  3 elf zombies (Ossuary)
  A scorpion (D:5)
  A jelly (D:5)
  4 centaur zombies (Ossuary)
  5 human zombies (Ossuary)
  2 orc priests
  A gnoll bouda (D:5)
  4 orc wizards
  3 mummies (Ossuary)
  5 gnolls (D:5)
  5 adders
  A worm (D:2)
  A dart slug (D:5)
  11 orcs
  5 bats
  4 endoplasms
  A giant cockroach (D:2)
  4 goblins
  8 hobgoblins
  3 jackals (D:1)
  5 kobolds
  4 quokkas
  4 ball pythons
  3 frilled lizards
  4 rats
96 creatures vanquished.

Vanquished Creatures (others)
  57 foxfires
57 creatures vanquished.

Grand Total: 153 creatures vanquished

Notes
Turn   | Place    | Note
-------+----------+-------------------------------------------
     0 | D:1      | PriceMaster the Demigod Conjurer began the quest for the
                  | Orb.
     0 | D:1      | Reached XP level 1. HP: 14/14 MP: 5/5
   591 | D:1      | Reached skill level 4 in Conjurations
   591 | D:1      | Reached XP level 2. HP: 20/20 MP: 5/7
   594 | D:1      | Learned a level 2 spell: Searing Ray
  1093 | D:2      | Reached XP level 3. HP: 19/26 MP: 1/8
  1892 | D:3      | Noticed Sigmund
  2336 | D:3      | Reached XP level 4. HP: 33/33 MP: 6/9
  2387 | D:3      | Got the Monograph on the Translocational Inferno
  2390 | D:3      | Learned a level 1 spell: Foxfire
  2483 | D:3      | HP: 1/34 [orc/+0 hand axe (4)]
  2605 | D:3      | Killed Sigmund
  2606 | D:3      | Reached skill level 5 in Conjurations
  2606 | D:3      | Reached skill level 1 in Fire Magic
  2606 | D:3      | Reached XP level 5. HP: 30/39 MP: 2/12
  3359 | D:4      | Found a sand-covered staircase.
  3377 | Ossuary  | Entered an ossuary
  3394 | Ossuary  | Reached skill level 1 in Polearms
  3394 | Ossuary  | Reached XP level 6. HP: 40/46 MP: 4/13
  3409 | Ossuary  | Reached skill level 1 in Fighting
  3727 | Ossuary  | Learned a level 2 spell: Scorch
  3837 | Ossuary  | Reached XP level 7. HP: 26/52 MP: 0/15
  3855 | Ossuary  | HP: 2/52 [elf zombie (5)]
  3861 | Ossuary  | Reached skill level 1 in Short Blades
  3861 | Ossuary  | Reached skill level 1 in Shields
  4735 | D:4      | Got Kikubaaqudgha's Disquisition on Corpses
  5007 | D:4      | Learned a level 3 spell: Inner Flame
  5233 | D:5      | Entered Level 5 of the Dungeon
  5253 | D:5      | Reached XP level 8. HP: 47/61 MP: 0/17
  5456 | D:5      | HP: 2/61 [spore (38)]
  5456 | D:5      | Engulfed by a cloud of flame

Illustrated notes

Levels and vault maps discovered:
D:1:      lightli_arrival_noodles, layout_loops_cross, hangedman_glass_teeth,
          minmay_misc_feat_plants, serial_bayou_ford_a
D:2:      layout_loops_ring, hellmonk_ecumenical_altar_run_dry
D:3:      layout_loops_ring, uniq_sigmund
D:4:      layout_basic, palyth_temple_overflow_mages,
          ashenzari_conservatory_becter, nicolae_ossuary_entry_monument,
          kennysheep_boxes
D:5:      layout_rooms, nicolae_qazlal_general_emergency,
          mainiacjoe_overflow_small_starburst,
          mainiacjoe_overflow_catwalk_spiral, amcnicky_mini_corridor_feature,
          st_stairs_5

Skill      XL: |  1  2  3  4  5  6  7 |
---------------+----------------------+-----
Conjurations   | 4 5 |  5.7
Dodging        | 2 3 |  3.8
Spellcasting   | 2 3 4 |  4.4
Stealth        | 2 3 |  3.1
Fire Magic     | 1 2 |  2.6
Polearms       | 1 |  1.2
Fighting       | 1 2 |  2.1
Short Blades   | 2 |  2.0
Shields        | 1 |  1.6
Hexes          | |  0.1

Action                     |  1- 3 |  4- 6 |  7- 9 || total
---------------------------+-------+-------+-------++-------
  Melee: Spear             |    28 |       |       ||    28
         Unarmed           |     5 |       |       ||     5
         Falchion          |       |     6 |       ||     6
         Dagger            |       |    52 |    61 ||   113
   Cast: Magic Dart        |    55 |    19 |    20 ||    94
         Searing Ray       |    11 |    12 |    10 ||    33
         Foxfire           |       |    13 |    27 ||    40
         Scorch            |       |     1 |    11 ||    12
         Inner Flame       |       |       |     3 ||     3
    Use: Scroll            |     2 |     2 |       ||     4
         Potion            |     2 |     1 |     3 ||     6
   Stab: Sleeping          |     1 |       |       ||     1
 Armour: Robe              |    11 |    13 |     6 ||    30
  Dodge: Dodged            |    33 |    30 |    34 ||    97
  Block: Buckler           |     8 |    10 |    14 ||    32

Table legend: (Time is in decaauts)
 A = Elapsed time spent in this place.
 B = Non-inter-level travel time spent in this place.
 C = Inter-level travel time spent in this place.
 D = Time resting spent in this place.
 E = Time spent auto-exploring this place.
 F = Levels seen in this place.
 G = Mean time per level.
                   A        B        C        D        E       F      G
               +--------+--------+--------+--------+--------+-----+--------+
         Total |   5426 |   5139 |    287 |   1465 |   2792 |   6 |  904.3 |
       Dungeon |   4581 |   4294 |    287 |    860 |   2746 |   5 |  916.2 |
       Ossuary |    844 |    844 |      0 |    605 |     46 |   1 |  844.0 |
               +--------+--------+--------+--------+--------+-----+--------+

Top non-repeatable levels by time:
     D:3: 1378 daAuts
     D:4: 1107 daAuts
     D:2: 994 daAuts
     D:1: 887 daAuts
 Ossuary: 844 daAuts
     D:5: 213 daAuts
